Map: Frozen Temple

Players

Pokebunny

  • Race: Terran Terran
  • League: Grandmaster

FoolOfaTooK - Winner!

  • Race: Zerg Zerg
  • League: Grandmaster

VOD

Have the link to the VOD?

Description

Time

  • Played on: April 6, 2016, 10:06 p.m.
  • Length: 7:08
Show
View Real Time Build Order
Export as new Build Order

Pokebunny Terran 

Build Orders: Reaper Expand, MMM Bio 

Get SALT Encoding   

  12  0:00  SCV  
  13  0:12  SCV  
  14  0:18  Supply Depot  
  14  0:24  SCV  
  15  0:40  SCV  
  15  0:41  Barracks  
  16  0:45  Refinery  
  16  0:52  SCV  
  18  1:04  SCV  
  18  1:16  SCV  
  19  1:28  Orbital Command  
  19  1:29  Reaper  
  20  1:39  Command Center  
  20  1:53  Supply Depot  
  20  1:54  SCV  
  21  2:01  Barracks Reactor  
  21  2:06  SCV  
  21  2:08  Barracks  
  22  2:16  Barracks  
  22  2:22  SCV  
  23  2:30  Refinery  
  23  2:38  SCV  
  23  2:39  Marine x2  
  26  2:50  SCV  
  27  2:52  Orbital Command  
  27  2:56  Factory, Barracks Tech Lab  
  27  2:58  Marine  
  28  3:01  Marine  
  28  3:04  SCV  
  30  3:07  Marine  
  31  3:15  Marine  
  31  3:16  Stimpack  
  31  3:19  SCV  
  33  3:20  SCV  
  34  3:29  Marine x3  
  37  3:35  Supply Depot  
  37  3:43  Starport  
  37  3:44  Factory Reactor  
  37  3:45  SCV x2  
  37  3:47  Marine  
  40  3:48  Marine  
  40  3:51  Marine  
  40  3:54  Marine  
  43  3:58  Engineering Bay  
  43  3:59  SCV  
  44  4:03  SCV  
  44  4:09  Supply Depot  
  45  4:11  SCV  
  45  4:15  Marine x3, SCV  
  45  4:16  Marine  
  51  4:28  Medivac  
  51  4:29  Supply Depot  
  51  4:30  SCV  
  51  4:31  Medivac  
  56  4:32  SCV  
  56  4:34  Factory Tech Lab  
  57  4:39  Terran Infantry Weapons Level 1  
  57  4:41  Barracks Reactor  
  57  4:46  Marine, Supply Depot  
  57  4:47  Marine x2  
  60  4:56  Refinery  
  60  5:04  Siege Tank  
  63  5:09  Supply Depot  
  63  5:10  Barracks  
  63  5:11  Barracks  
  63  5:13  SCV x2  
  65  5:17  Marine  
  65  5:18  Marine x2  
  67  5:21  Combat Shields  
  67  5:24  Marine  
  67  5:27  SCV  
  70  5:28  SCV  
  70  5:37  Missile Turret  
  70  5:39  Missile Turret  
  70  5:41  Marine  
  70  5:42  Marine x3  
  65  5:52  Marine  
  65  5:54  Medivac  
  68  5:59  Marine x2  
  68  6:01  Marine x3  
  68  6:02  Marine  
  62  6:11  Medivac  
  63  6:17  Marine x3  
  53  6:19  Marine x2  
  53  6:21  Marine x2  
  53  6:24  Siege Tank  
  57  6:26  Medivac  
  56  6:34  Marine  
  56  6:35  Marine x2  
  56  6:37  Marine x2  
  56  6:39  Marine x2  
Show
View Real Time Build Order
Export as new Build Order

FoolOfaTooK Zerg - Winner!

Build Orders: Hatch First 

Get SALT Encoding   

  12  0:01  Drone  
  13  0:13  Overlord  
  13  0:18  Drone  
  14  0:31  Drone x2  
  16  0:36  Drone  
  17  0:46  Drone  
  18  0:55  Hatchery  
  17  0:58  Drone  
  17  1:01  Extractor  
  17  1:13  Spawning Pool  
  17  1:18  Drone  
  17  1:19  Drone  
  18  1:29  Drone  
  19  1:40  Overlord  
  19  1:50  Drone  
  20  1:59  Queen  
  20  2:01  Zergling x2, Metabolic Boost  
  23  2:07  Zergling x2  
  23  2:08  Queen  
  26  2:12  Drone  
  27  2:20  Drone  
  28  2:24  Drone  
  29  2:30  Drone  
  29  2:38  Lair  
  29  2:41  Drone  
  30  2:45  Overlord  
  30  2:48  Drone  
  31  2:51  Extractor  
  31  2:52  Extractor  
  31  2:53  Drone  
  31  2:58  Drone  
  31  3:03  Drone  
  32  3:06  Zergling x2  
  33  3:14  Drone x2  
  33  3:15  Drone  
  33  3:17  Drone x2  
  38  3:24  Drone  
  38  3:25  Drone  
  40  3:31  Drone  
  40  3:34  Overlord  
  41  3:37  Drone x2  
  41  3:39  Spire  
  42  3:42  Drone  
  42  3:46  Overlord  
  43  3:53  Drone x2, Extractor  
  43  3:55  Zergling x6  
  47  3:57  Zergling x2  
  48  4:05  Drone x2  
  50  4:12  Drone  
  50  4:14  Drone  
  52  4:19  Hatchery  
  52  4:22  Drone  
  52  4:24  Drone  
  52  4:25  Overlord  
  52  4:29  Overlord  
  53  4:32  Overseer  
  53  4:56  Mutalisk  
  53  4:57  Mutalisk x6  
  67  5:02  Overlord  
  67  5:09  Evolution Chamber x2  
  65  5:19  Zergling x6  
  65  5:20  Zergling x2  
  67  5:23  Mutalisk x3  
  67  5:26  Zergling x2  
  74  5:29  Zergling x2  
  74  5:31  Mutalisk  
  74  5:34  Zergling x2  
  74  5:35  Zergling x2  
  79  5:37  Zergling x2  
  74  5:52  Overlord  
  74  5:53  Drone  
  74  5:56  Overlord  
  75  6:03  Overlord  
  74  6:13  Mutalisk x3  
  74  6:15  Zergling x2  
  74  6:16  Zergling x2  
  78  6:19  Hatchery  
  78  6:21  Zergling x2  
  78  6:22  Zergling x6  
  77  6:43  Mutalisk x5  
  77  6:45  Zergling x2  
Tags
 
Add a new tag
Caveats
  • Supply blocks, unpowered buildings, or Contaminate may cause inaccurate times.
  • Supply counts are checked every 10 seconds.